 Dungeon Crawl Stone Soup version 0.30-a0-571-gdf30a72648 (webtiles) character file.

Game seed: 2769445149702167902

65 wormed the Shooter (level 3, 0/18 HPs)
             Began as a Spriggan Hunter on Dec 30, 2022.
             Killed by nerve-wracking pain
             ... invoked by Jessica
              (14 damage)
             ... on level 2 of the Dungeon.
             The game lasted 00:01:31 (1007 turns).

wormed the Shooter (Spriggan Hunter)                Turns: 1007, Time: 00:01:32

Health: 0/18       AC:  2    Str:  7    XL:     3   Next: 94%
Magic:  4/4        EV: 18    Int: 10    God:
Gold:   71         SH:  0    Dex: 20    Spells: 2/2 levels left

rFire   . . .      SeeInvis +    a - +0 shortbow
rCold   . . .      Faith    .    (shield currently unavailable)
rNeg    . . .      Spirit   .    c - +0 robe
rPois   .          Reflect  .    (helmet restricted)
rElec   .          Harm     .    (no cloak)
rCorr   .          Rampage  .    (gloves unavailable)
Will    .....                    (boots unavailable)
Stlth   +++                      (no amulet)
HPRegen 0.23/turn                (no ring)
MPRegen 0.09/turn                (no ring)

@: very quick
A: very small, no large weapons, unfitting armour, see invisible, speed 3
a: no special abilities


You were on level 2 of the Dungeon.
You visited 1 branch of the dungeon, and saw 2 of its levels.

You collected 71 gold pieces.

Inventory:

Hand Weapons
 a - a +0 shortbow (weapon)
Armour
 c - a +0 robe (worn)
Scrolls
 b - a scroll of immolation
 d - a scroll of teleportation {unknown}
 e - a scroll of amnesia {unknown}
 h - a scroll of magic mapping {unknown}
 i - a scroll of vulnerability {unknown}
 l - 3 scrolls of identify {unknown}
Potions
 f - a potion of lignification {unknown}
 g - 2 potions of might {unknown}
 j - a potion of flight {unknown}
 k - a potion of mutation {unknown}
 m - a potion of brilliance {unknown}


   Skills:
 + Level 2.0 Fighting
 * Level 4.6 Ranged Weapons
 + Level 3.5 Dodging
 + Level 3.1 Stealth


You had 2 spell levels left.
You didn't know any spells.
Your spell library contained the following spells:

 Spells                   Type           Power      Damage    Failure   Level
 Apportation              Tloc           0%         N/A       36%         1
 Magic Dart               Conj           0%         1d3       36%         1
 Searing Ray              Conj           0%         2d4       50%         2
 Fulminant Prism          Conj/Hex       0%         3d5       98%         4
 Alistair's Intoxication  Tmut/Pois      0%         N/A       100%        5


Dungeon Overview and Level Annotations

Branches:
Dungeon (2/15)

Altars:

Shops:
D:1 *

Annotations:
D:2 Jessica


Innate Abilities, Weirdness & Mutations

You are very small and have problems with some larger weapons.
You are too small for most types of armour.
You have supernaturally acute eyesight. (SInv)
You cover ground extremely quickly. (Speed+++)


Message History

You shoot an arrow. The arrow barely misses the endoplasm.
You shoot an arrow. The arrow hits the endoplasm.
The endoplasm is moderately wounded.
You shoot an arrow. The arrow hits the endoplasm.
The endoplasm is moderately wounded.
You shoot an arrow. The arrow hits the endoplasm!
You kill the endoplasm!
No target in view!
No target in view!
l - 3 scrolls labelled UNOKKE DIOTIL (gained 1)
Found a dagger.
Found a stone staircase leading down.
You now have 71 gold pieces (gained 14).
Things that are here:
a +0 spear; a goblin corpse
m - a sedimented yellow potion
Found a whip.
Jessica the Apprentice Sorceress comes into view.
She is wielding a +0 club.
Jessica shouts!
Jessica gestures wildly while chanting.
Jessica seems to speed up.
Jessica is nearby!
Jessica is nearby!
Jessica is nearby!
You shoot an arrow. The arrow hits Jessica.
Jessica is lightly wounded.
You shoot an arrow. The arrow closely misses Jessica.
Jessica very coldly says, "I hate your company."
Jessica barely misses you.
You shoot an arrow. The arrow hits Jessica.
Jessica is severely wounded.
Jessica drinks a potion.
Jessica is healed!
You shoot an arrow. The arrow closely misses Jessica.
Jessica misses you. Jessica gestures at you while chanting.
Pain shoots through your body!
You see here a +0 whip.
Jessica casts a spell at you. Pain shoots through your body!
Ouch! That really hurt!
You die...

########### #..........
#.......... #..........
#.......... #..@.......
### #.......... #..
#####)@####.### #..
#.......# .### #..
#...!...# ..# ####..
#.......# #.#####...>#
#.......#####.#.........
#.........#.......######
......#####.#...##### ##


You could see Jessica (fast).

Vanquished Creatures
  3 adders (D:2)
  5 endoplasms
  4 giant cockroaches
  4 goblins
  A hobgoblin (D:1)
  3 jackals (D:1)
  2 quokkas
  4 ball pythons
  A bat (D:1)
  3 frilled lizards
  A kobold (D:1)
  6 rats
37 creatures vanquished.

Notes
Turn   | Place    | Note
-------+----------+-------------------------------------------
     0 | D:1      | wormed the Spriggan Hunter began the quest for the Orb.
     0 | D:1      | Reached XP level 1. HP: 10/10 MP: 2/2
    71 | D:1      | Found a faded altar of an unknown god.
   199 | D:1      | Reached XP level 2. HP: 15/15 MP: 3/3
   275 | D:1      | Found Nofrix's General Store.
   388 | D:1      | You fall into a shaft and drop 1 floor!
   442 | D:2      | Reached XP level 3. HP: 18/18 MP: 4/4
   998 | D:2      | Noticed Jessica
  1007 | D:2      | Killed from afar by Jessica

Illustrated notes

Levels and vault maps discovered:
D:1:      lightli_molten_gateway, layout_loops_cross,
          shapermc_ecumenical_altar_flowoftime, serial_shops,
          nicolae_shop_window_shopping, serial_bayou_lagoon_a, minmay_distorted
D:2:      layout_rooms, minmay_pentomino_u2, uniq_jessica

Skill      XL: |  1  2  3 |
---------------+----------+-----
Stealth        | 2 3 |  3.1
Dodging        | 3 |  3.5
Fighting       | 2 |  2.0
Ranged Weapons | |  4.6

Action                   || total
-------------------------++-------
 Fire: Shortbow          ||   117
Armor: Robe              ||    10
Dodge: Dodged            ||    40

Table legend: (Time is in decaauts)
 A = Elapsed time spent in this place.
 B = Non-inter-level travel time spent in this place.
 C = Inter-level travel time spent in this place.
 D = Time resting spent in this place.
 E = Time spent auto-exploring this place.
 F = Levels seen in this place.
 G = Mean time per level.
                   A        B        C        D        E       F      G
               +--------+--------+--------+--------+--------+-----+--------+
         Total |    706 |    696 |     10 |      0 |    478 |   2 |  353.0 |
       Dungeon |    706 |    696 |     10 |      0 |    478 |   2 |  353.0 |
               +--------+--------+--------+--------+--------+-----+--------+

Top non-repeatable levels by time:
     D:1: 499 daAuts
     D:2: 206 daAuts
